 Dungeon Crawl Stone Soup version 0.28.0-43-g3370ac3207 (webtiles) character file.

Game seed: 5093438321885946947

17 terff the Sneak (level 2, -2/19 HPs)
             Began as an Octopode Brigand on Mar 20, 2022.
             Slain by a bullfrog zombie (6 damage)
             ... on level 3 of the Dungeon.
             The game lasted 00:01:18 (317 turns).

terff the Sneak (Octopode Brigand)                   Turns: 317, Time: 00:01:18

Health: -2/19      AC:  1    Str: 10    XL:     2   Next: 62%
Magic:  2/2        EV: 12    Int: 13    God:
Gold:   24         SH:  0    Dex: 13    Spells: 1/1 levels left

rFire   . . .      SeeInvis .   a - +2 dagger
rCold   . . .      Faith    .   (no shield)
rNeg    . . .      Spirit   .   (helmet restricted)
rPois   .          Reflect  .   (no amulet)
rElec   .          Harm     .   (no ring)
rCorr   .          Rampage  .   (no ring)
Will    .....                   (no ring)
Stlth   ++++......              (no ring)
HPRegen 0.06/turn               (no ring)
MPRegen 0.08/turn               (no ring)
                                (no ring)
                                (no ring)

@: no status effects
A: almost no armour, amphibious, 8 rings, camouflage 1, gelatinous body 1,
(nimble swimmer 1), tentacles
a: no special abilities


You were on level 3 of the Dungeon.
You visited 1 branch of the dungeon, and saw 3 of its levels.

You collected 24 gold pieces.

Inventory:

Hand Weapons
 a - a +2 dagger (weapon)
Missiles
 b - 8 poisoned darts (quivered)
 c - 2 curare-tipped darts
Potions
 d - 2 potions of heal wounds {unknown}


   Skills:
 + Level 2.0 Fighting
 + Level 2.0 Short Blades
 + Level 2.0 Throwing
 + Level 1.0 Dodging
 + Level 6.4 Stealth


You had one spell level left.
You didn't know any spells.
Your spell library was empty.

Dungeon Overview and Level Annotations

Branches:
Dungeon (3/15)

Altars:
Okawaru
Sif Muna
Xom


Innate Abilities, Weirdness & Mutations

You cannot wear most types of armour.
You are amphibious.
You can wear up to eight rings at the same time.
Your skin changes colour to match your surroundings (Stealth+).
Your rubbery body absorbs attacks. (AC +1, EV +1)
((You are camouflaged when in or above water. (Stealth+)))
You have tentacles for arms and can constrict up to eight enemies at once.


Message History

The slug dart hits you. The dart slug launches a dart at you.
The slug dart hits you.
You hit the dart slug. You grab the dart slug.
The dart slug is moderately wounded.
You constrict the dart slug. You hit the dart slug but do no damage.
You squeeze the dart slug.
The dart slug is severely wounded.
You constrict the dart slug. The dart slug bites you.
You hit the dart slug.
The dart slug is almost dead.
You constrict the dart slug.
You kill the dart slug!
Found an iron altar of Okawaru.
A dart slug comes into view.
The helpless dart slug fails to defend itself.
You impale the dart slug!!
You kill the dart slug!
You see here a dart slug corpse.
You see here a dart slug corpse.
There is an iron altar of Okawaru here.
You curl up in front of the altar of Okawaru.
You hit the bush but do no damage. You hit the bush but do no damage.
Found 11 gold pieces.
A bullfrog zombie comes into view.
The bullfrog zombie misses you.
The bullfrog zombie hits you but does no damage.
You hit the bullfrog zombie. You grab the bullfrog zombie.
The bullfrog zombie is lightly damaged.
You constrict the bullfrog zombie. The bullfrog zombie hits you. x2
* * * LOW HITPOINT WARNING * * *
You hit the bullfrog zombie. You squeeze the bullfrog zombie!
The bullfrog zombie is heavily damaged.
You constrict the bullfrog zombie. The bullfrog zombie hits you.
* * * LOW HITPOINT WARNING * * *
You hit the bullfrog zombie. You squeeze the bullfrog zombie.
The bullfrog zombie is severely damaged.
You constrict the bullfrog zombie. The bullfrog zombie hits you.
You die...

+.... #..##
#.... ###...#
.... .....# #..
#..#.#
#..#####..#.# #
###....#..#.#
...#.........#.#
..........##...#
.#....Z@..##...#
#....$...##.P.#
##.########.P.#
#. #.P.# . #.P.#
# #...# #†..#
#._.# #...#


You could see a bullfrog zombie.

Vanquished Creatures
  An adder (D:2)
  2 dart slugs (D:3)
  A giant cockroach (D:2)
  A frilled lizard (D:3)
  A rat (D:3)
6 creatures vanquished.

Notes
Turn   | Place    | Note
-------+----------+-------------------------------------------
     0 | D:1      | terff the Octopode Brigand began the quest for the Orb.
     0 | D:1      | Reached XP level 1. HP: 14/14 MP: 1/1
    12 | D:2      | Reached skill level 6 in Stealth
    12 | D:2      | Reached XP level 2. HP: 19/19 MP: 2/2
   185 | D:3      | Found a shimmering altar of Xom.
   189 | D:3      | Found a shimmering blue altar of Sif Muna.
   279 | D:3      | Found an iron altar of Okawaru.
   317 | D:3      | Slain by a bullfrog zombie

Illustrated notes

Levels and vault maps discovered:
D:1:      dpeg_arrival_refuge, layout_basic, dreamdust_ecumenical_altar_grove
D:2:      layout_basic, serial_shops, shop
D:3:      layout_basic, mainiacjoe_overflow_boulevard,
          grunt_temple_overflow_open, hangedman_ru_absence,
          hangedman_decor_push, hangedman_glass_teeth

Skill      XL: |  1 |
---------------+----+-----
Stealth        | 6 |  6.4
Fighting       | |  2.0
Short Blades   | |  2.0
Throwing       | |  2.0
Dodging        | |  1.0

Action                   || total
-------------------------++-------
Melee: Dagger            ||    14
       Constrict         ||     4
       Tentacles         ||     4
 Stab: Sleeping          ||     3
Armor: Skin              ||     1
Dodge: Dodged            ||     2
